3A
BELLEVILLE BULLS @ ALAMEDA AIRMEN
08/29/2033
 
TOP OF THE 1ST
Belleville Bulls batting - Pitching for Alameda Airmen : RHP Benjamin Wyles
Pitching: RHP Benjamin Wyles
Batting: SHB Júlio Moreno 0-0: SINGLE (Flyball, 8LS)
Batting: LHB Juan Rodríguez 0-0: Ball
1-0: Ball
2-0: Ball
3-0: Called Strike
3-1: SINGLE (Line Drive, 89S)
Júlio Moreno to second
Batting: RHB Rey McSriff 0-0: Called Strike
0-1: Grounds into double play, 6-4-3 (Groundball, 6)
Júlio Moreno to third
Batting: RHB Silvian Burger 0-0: Foul Ball, location: 2F
0-1: Foul Ball, location: 2F
0-2: Reached on error, E5 (Groundball, 5)
Júlio Moreno scores
Batting: LHB Don McGhee 0-0: Called Strike
Silvian Burger steals 2nd base
0-1: Called Strike
0-2: Ball
1-2: Ball
2-2: Fly out, F7 (Flyball, 7S)
Top of the 1st over - 1 run, 2 hits, 1 error, 1 left on base; Belleville 1 - Alameda 0
BOTTOM OF THE 1ST
Alameda Airmen batting - Pitching for Belleville Bulls : RHP António Esquivel
Pitching: RHP António Esquivel
Batting: LHB Peter Perrantes 0-0: Foul Ball, location: 2F
0-1: Ball
1-1: Ground out 3-1 (Groundball, 34S)
Batting: RHB Vonne Navarrete 0-0: Ball
1-0: Called Strike
1-1: Ball
2-1: Fly out, F4 (Popup, 4)
Batting: RHB Lee Scrooby 0-0: SINGLE (Groundball, 6D)
Batting: RHB Gang Jing 0-0: Called Strike
0-1: Ball
1-1: Swinging Strike
1-2: Ground out 6-3 (Groundball, 56)
Bottom of the 1st over - 0 runs, 1 hit, 0 errors, 1 left on base; Belleville 1 - Alameda 0
TOP OF THE 2ND
Belleville Bulls batting - Pitching for Alameda Airmen : RHP Benjamin Wyles
Batting: RHB Eric Harvey 0-0: Ball
1-0: Fly out, F8 (Flyball, 8LM)
Batting: RHB Manuel Vroonland 0-0: Fly out, F4 (Line Drive, 4)
Batting: RHB Zack McLean 0-0: Ball
1-0: Ball
2-0: Called Strike
2-1: Foul Ball, location: 2F
2-2: Ball
3-2: Foul Ball, location: 2F
3-2: Fly out, F3 (Line Drive, 34)
Top of the 2nd over - 0 runs, 0 hits, 0 errors, 0 left on base; Belleville 1 - Alameda 0
BOTTOM OF THE 2ND
Alameda Airmen batting - Pitching for Belleville Bulls : RHP António Esquivel
Batting: RHB Carlo Beedle 0-0: Ball
1-0: Ball
2-0: Ball
3-0: Called Strike
3-1: Swinging Strike
3-2: Base on Balls
Batting: RHB Jim McMahon 0-0: Called Strike
0-1: Ball
1-1: Foul Ball, location: 2F
1-2: Fly out, F7 (Flyball, 78M)
Batting: RHB Pablo Pagán 0-0: Ball
1-0: Ball
2-0: Called Strike
2-1: Foul Ball, location: 2F
2-2: Strikes out swinging
Batting: RHB En-lai Lung 0-0: Ball
Wild Pitch!
Carlo Beedle to second
1-0: Ball
2-0: Fly out, F9 (Flyball, 9LD)
Bottom of the 2nd over - 0 runs, 0 hits, 0 errors, 1 left on base; Belleville 1 - Alameda 0
TOP OF THE 3RD
Belleville Bulls batting - Pitching for Alameda Airmen : RHP Benjamin Wyles
Batting: RHB Chi-hyeong Kim 0-0: Called Strike
0-1: SINGLE (Groundball, 5) (infield hit)
Batting: SHB Júlio Moreno 0-0: Called Strike
0-1: Swinging Strike
0-2: Ball
1-2: Ball
2-2: Strikes out swinging
Batting: LHB Juan Rodríguez 0-0: Fielders Choice at 2nd, 4-6 (Groundball, 4)
Batting: RHB Rey McSriff 0-0: Ball
1-0: Swinging Strike
1-1: Ball
2-1: Called Strike
2-2: Ball
3-2: Ground out 4-3 (Groundball, 4)
Top of the 3rd over - 0 runs, 1 hit, 0 errors, 1 left on base; Belleville 1 - Alameda 0
BOTTOM OF THE 3RD
Alameda Airmen batting - Pitching for Belleville Bulls : RHP António Esquivel
Batting: RHB Lorenzo López 0-0: Swinging Strike
0-1: Foul Ball, location: 2F
0-2: Foul Ball, location: 2F
0-2: Ball
1-2: Foul Ball, location: 2F
1-2: Ball
2-2: Foul Ball, location: 2F
2-2: Ball
3-2: Foul Ball, location: 2F
3-2: Foul Ball, location: 2F
3-2: Strikes out looking
Batting: LHB Peter Perrantes 0-0: SINGLE (Flyball, 9LS)
Batting: RHB Vonne Navarrete 0-0: Ball
1-0: Ball
Wild Pitch!
Peter Perrantes to second
2-0: DOUBLE (Groundball, 5L)
Peter Perrantes scores
Batting: RHB Lee Scrooby 0-0: Ball
1-0: Ball
2-0: Ball
3-0: Called Strike
3-1: Base on Balls
Pitching: RHP Jorge Moreno
Batting: RHB Gang Jing 0-0: Foul Ball, location: 2F
0-1: Ball
1-1: Ball
2-1: Grounds into double play, 4-6-3 (Groundball, 4)
Bottom of the 3rd over - 1 run, 2 hits, 0 errors, 1 left on base; Belleville 1 - Alameda 1
TOP OF THE 4TH
Belleville Bulls batting - Pitching for Alameda Airmen : RHP Benjamin Wyles
Batting: RHB Silvian Burger 0-0: Ball
1-0: Called Strike
1-1: Ball
2-1: Ball
3-1: Base on Balls
Batting: LHB Don McGhee 0-0: Ball
1-0: Ball
2-0: Reached on error, E6 (Groundball, 6)
Silvian Burger to second
Batting: RHB Eric Harvey 0-0: Ball
1-0: Called Strike
1-1: Foul Ball, location: 2F
1-2: Foul Ball, location: 2F
1-2: Grounds into double play, 4-6-3 (Groundball, 4)
Silvian Burger to third
Batting: RHB Manuel Vroonland 0-0: Ball
1-0: Ball
2-0: Fly out, F8 (Line Drive, 89D)
Top of the 4th over - 0 runs, 0 hits, 1 error, 1 left on base; Belleville 1 - Alameda 1
BOTTOM OF THE 4TH
Alameda Airmen batting - Pitching for Belleville Bulls : RHP Jorge Moreno
Batting: RHB Carlo Beedle 0-0: Ground out 1-3 (Groundball, 13S)
Batting: RHB Jim McMahon 0-0: Called Strike
0-1: Ball
1-1: Ground out 6-3 (Groundball, 6S)
Batting: RHB Pablo Pagán 0-0: Called Strike
0-1: Ball
1-1: Called Strike
1-2: Foul Ball, location: 2F
1-2: Ball
2-2: Foul Ball, location: 2F
2-2: Foul Ball, location: 2F
2-2: Fly out, F6 (Popup, 6M)
Bottom of the 4th over - 0 runs, 0 hits, 0 errors, 0 left on base; Belleville 1 - Alameda 1
TOP OF THE 5TH
Belleville Bulls batting - Pitching for Alameda Airmen : RHP Benjamin Wyles
Batting: RHB Zack McLean 0-0: Swinging Strike
0-1: Ball
1-1: Foul Ball, location: 2F
1-2: Ball
2-2: Ball
3-2: Ground out 4-3 (Groundball, 4)
Batting: RHB Chi-hyeong Kim 0-0: Ball
1-0: Called Strike
1-1: Fly out, F4 (Popup, 34)
Batting: SHB Júlio Moreno 0-0: Ball
1-0: Ground out 5-3 (Groundball, 56)
Top of the 5th over - 0 runs, 0 hits, 0 errors, 0 left on base; Belleville 1 - Alameda 1
BOTTOM OF THE 5TH
Alameda Airmen batting - Pitching for Belleville Bulls : RHP Jorge Moreno
Batting: RHB En-lai Lung 0-0: SINGLE (Groundball, 4MD)
Batting: RHB Lorenzo López 0-0: Sac Bunt - play at second, runner OUT! 1-6
Batting: LHB Peter Perrantes 0-0: Called Strike
0-1: Ball
1-1: SINGLE (Line Drive, 8LS)
Lorenzo López to second
Batting: RHB Vonne Navarrete 0-0: Ball
Wild Pitch!
Lorenzo López to third
Peter Perrantes to second
1-0: Called Strike
1-1: Ball
2-1: Ball
3-1: Fly out, F2 (Popup, 23F)
Batting: RHB Lee Scrooby 0-0: Ball
1-0: Called Strike
1-1: Ball
2-1: Foul Ball, location: 2F
2-2: Foul Ball, location: 2F
2-2: Ball
3-2: Base on Balls
Batting: RHB Gang Jing 0-0: Fly out, F9 (Flyball, 9S)
Bottom of the 5th over - 0 runs, 2 hits, 0 errors, 3 left on base; Belleville 1 - Alameda 1
TOP OF THE 6TH
Belleville Bulls batting - Pitching for Alameda Airmen : RHP Benjamin Wyles
Batting: LHB Juan Rodríguez 0-0: Swinging Strike
0-1: Ground out 4-3 (Groundball, 34)
Batting: RHB Rey McSriff 0-0: DOUBLE (Line Drive, 78M)
Batting: RHB Silvian Burger 0-0: Ball
1-0: Foul Ball, location: 2F
1-1: Swinging Strike
1-2: Ball
2-2: Strikes out swinging
Batting: LHB Don McGhee 0-0: Called Strike
0-1: Swinging Strike
0-2: Ball
1-2: Ball
2-2: Foul Ball, location: 2F
2-2: Ball
3-2: Strikes out swinging
Top of the 6th over - 0 runs, 1 hit, 0 errors, 1 left on base; Belleville 1 - Alameda 1
BOTTOM OF THE 6TH
Alameda Airmen batting - Pitching for Belleville Bulls : RHP Jorge Moreno
Batting: RHB Carlo Beedle 0-0: Ball
1-0: Ground out U3 (Groundball, 3)
Batting: RHB Jim McMahon 0-0: Called Strike
0-1: Foul Ball, location: 2F
0-2: Ball
1-2: Foul Ball, location: 2F
1-2: Ball
2-2: Strikes out swinging
Batting: RHB Pablo Pagán 0-0: Called Strike
0-1: SINGLE (Line Drive, 89S)
Batting: RHB En-lai Lung 0-0: Ball
1-0: Fielders Choice at 2nd, 6-4 (Groundball, 6)
Bottom of the 6th over - 0 runs, 1 hit, 0 errors, 1 left on base; Belleville 1 - Alameda 1
TOP OF THE 7TH
Belleville Bulls batting - Pitching for Alameda Airmen : RHP Benjamin Wyles
Batting: RHB Eric Harvey 0-0: Ball
1-0: Ball
2-0: Called Strike
2-1: Ball
3-1: Foul Ball, location: 2F
3-2: Strikes out looking
Batting: RHB Manuel Vroonland 0-0: Fly out, F8 (Flyball, 89S)
Batting: RHB Zack McLean 0-0: Fly out, F3 (Popup, 3)
Top of the 7th over - 0 runs, 0 hits, 0 errors, 0 left on base; Belleville 1 - Alameda 1
BOTTOM OF THE 7TH
Alameda Airmen batting - Pitching for Belleville Bulls : RHP Jorge Moreno
Batting: RHB Lorenzo López 0-0: Called Strike
0-1: Ball
1-1: Ball
2-1: Called Strike
2-2: Fly out, F8 (Flyball, 78M)
Batting: LHB Peter Perrantes 0-0: Fly out, F7 (Flyball, 7)
Batting: RHB Vonne Navarrete 0-0: Swinging Strike
0-1: Swinging Strike
0-2: Strikes out swinging
Bottom of the 7th over - 0 runs, 0 hits, 0 errors, 0 left on base; Belleville 1 - Alameda 1
TOP OF THE 8TH
Belleville Bulls batting - Pitching for Alameda Airmen : RHP Benjamin Wyles
Pitching: RHP Reid Myers
Batting: RHB Chi-hyeong Kim 0-0: SINGLE (Groundball, 4MD)
Batting: SHB Júlio Moreno 0-0: Bunted foul
0-1: Bunt missed!
0-2: Ball
1-2: Strikes out swinging
Batting: LHB Juan Rodríguez 0-0: Ball
1-0: Grounds into double play, 4-6-3 (Groundball, 34)
Top of the 8th over - 0 runs, 1 hit, 0 errors, 0 left on base; Belleville 1 - Alameda 1
BOTTOM OF THE 8TH
Alameda Airmen batting - Pitching for Belleville Bulls : RHP Jorge Moreno
Batting: RHB Lee Scrooby 0-0: Ball
1-0: Ground out 6-3 (Groundball, 6S)
Batting: RHB Gang Jing 0-0: Swinging Strike
0-1: Ball
1-1: Called Strike
1-2: Ball
2-2: Ball
3-2: Strikes out swinging
Batting: RHB Carlo Beedle 0-0: SINGLE (Groundball, 6MD)
Pinch Hitting: RHB Mike Capes 0-0: Foul Ball, location: 2F
0-1: Ball
1-1: Swinging Strike
1-2: Strikes out swinging
Bottom of the 8th over - 0 runs, 1 hit, 0 errors, 1 left on base; Belleville 1 - Alameda 1
TOP OF THE 9TH
Belleville Bulls batting - Pitching for Alameda Airmen : RHP Reid Myers
Now in CF: Mo Eayrs
Batting: RHB Rey McSriff 0-0: Ball
1-0: Called Strike
1-1: Ground out 5-3 (Groundball, 5)
Batting: RHB Silvian Burger 0-0: Ball
1-0: Foul Ball, location: 2F
1-1: Ball
2-1: Ball
3-1: Called Strike
3-2: Fly out, F7 (Flyball, 7LS)
Batting: LHB Don McGhee 0-0: SINGLE (Line Drive, 8LS)
Batting: RHB Eric Harvey 0-0: Ball
1-0: Swinging Strike
1-1: Ball
2-1: Ground out 3-1 (Groundball, 34)
Top of the 9th over - 0 runs, 1 hit, 0 errors, 1 left on base; Belleville 1 - Alameda 1
BOTTOM OF THE 9TH
Alameda Airmen batting - Pitching for Belleville Bulls : RHP Jorge Moreno
Pitching: RHP Ken Dundee
Batting: RHB Pablo Pagán 0-0: Called Strike
0-1: Swinging Strike
0-2: Ball
1-2: Ball
2-2: Strikes out swinging
Batting: RHB En-lai Lung 0-0: Ball
1-0: SINGLE (Groundball, 4MD)
Batting: RHB Lorenzo López 0-0: Ball
1-0: Foul Ball, location: 2F
1-1: Foul Ball, location: 2F
1-2: SINGLE (Line Drive, 56D)
En-lai Lung to second
Batting: LHB Peter Perrantes 0-0: Ball
1-0: Called Strike
1-1: Ball
2-1: Ball
3-1: Base on Balls
En-lai Lung to third
Lorenzo López to second
Batting: RHB Vonne Navarrete 0-0: Ball
1-0: SINGLE (Line Drive, 3D)
En-lai Lung scores
Saturday, December 22nd, 2018 - OOTP Baseball 18.8 Build 76